 Dungeon Sprint DCSS version 0.16-a0-3465-g53c7d0b (webtiles) character file.

221 BluebellGnoll the Thaumaturge (level 5, -12/28 HPs)
             Began as a Deep Elf Fire Elementalist on Jan 2, 2015.
             Was a Follower of Okawaru.
             Mangled by a hill giant
             ... wielding a +0 giant club
              (40 damage)
             ... in the Dungeon (Sprint IX: "|||||||||||||||||||||||||||||").
             The game lasted 00:04:31 (575 turns).

BluebellGnoll the Thaumaturge (DEFE)                 Turns: 575, Time: 00:04:33

Health: -12/28     AC:  5    Str:  5    XL:     5   Next: 65%
Magic:  15/25      EV: 13    Int: 21    God:    Okawaru [*.....]
Gold:   0          SH:  0    Dex: 18    Spells: 6 memorised, 7 levels left

rFire  . . .     SeeInvis .     p - +2 rapier (drain)
rCold  . . .     Clarity  .     a - +0 robe
rNeg   . . .     SustAb   .     (no shield)
rPois  .         Gourm    .     f - +0 helmet
rElec  .         Spirit   .     (no cloak)
rCorr  .         Warding  .     (no gloves)
rMut   .         NoTele   +     (no boots)
MR     .....                    (no amulet)
Stlth  ++........               r - +2 ring of protection
                                k - +3 ring of dexterity

@: not resistant to hostile enchantments, unstealthy
A: no striking features
a: Heroism, Renounce Religion


You were in the Dungeon.
You worshipped Okawaru.
Okawaru was aware of your devotion.
You were not hungry.

You visited 1 branch

Inventory:

Hand weapons
 p - a +2 rapier of draining (weapon)
 q - a +2 scimitar of flaming
Armour
 a - a +0 robe (worn)
 f - a +0 helmet (worn)
Magical staves
 o - an uncursed staff of energy
Jewellery
 k - a +3 ring of dexterity (left hand)
 r - a +2 ring of protection (right hand)
Magical devices
 n - a wand of draining (7)
Scrolls
 i - 2 scrolls of blinking
 l - 3 scrolls of remove curse
 m - 2 scrolls of amnesia
Potions
 d - 5 potions of curing
 e - 3 potions of heal wounds
 g - 4 potions of magic
 h - a potion of invisibility
Books
 b - a book of Flames

   Spells                             Type                      Level
   a - Flame Tongue                   Conjuration/Fire             1
   b - Throw Flame                    Conjuration/Fire             2
   c - Conjure Flame                  Conjuration/Fire             3
   d - Inner Flame                    Hexes/Fire                   3
   e - Sticky Flame                   Conjuration/Fire             4
   f - Fireball                       Conjuration/Fire             5
Comestibles
 c - a bread ration
 j - a chunk of flesh


   Skills:
 - Level 2.4 Dodging
 - Level 2.4 Stealth
 + Level 10.5 Spellcasting
 * Level 6.2 Conjurations
 - Level 8.1 Fire Magic


You had 7 spell levels left.
You knew the following spells:

 Your Spells              Type           Power        Failure   Level  Hunger
a - Flame Tongue          Conj/Fire      #####        1%          1    None
b - Throw Flame           Conj/Fire      #####.       1%          2    None
c - Conjure Flame         Conj/Fire      #####...     1%          3    None
d - Inner Flame           Hex/Fire       ####....     3%          3    None
e - Sticky Flame          Conj/Fire      #####...     3%          4    ##.....
f - Fireball              Conj/Fire      #####.....   12%         5    ####...


Dungeon Overview and Level Annotations

Branches:
Dungeon (1/1)

Altars:
Cheibriados
Dithmenos
Elyvilon
Fedhas
Gozag
Kikubaaqudgha
Makhleb
Nemelex Xobeh
Okawaru
Qazlal
Ru
Sif Muna
Trog
Vehumet
Xom
Yredelemnul
Zin
The Shining One
Beogh
Jiyva
Lugonu


Message History

The hill giant burns!
The hill giant burns!
Casting: Sticky Flame
Confirm with . or Enter, or press ? or * to list all spells.
Aiming: Conjure Flame
Press: ? - help, Dir - move target cursor, p - hill giant The fire roars!
The hill giant burns!
The hill giant stops burning.
Casting: Conjure Flame
Confirm with . or Enter, or press ? or * to list all spells.
Aiming: Sticky Flame
Press: ? - help, Shift-Dir - straight line, f - hill giant
Aim: a hill giant, wielding a giant club (flame, moderately wounded)
The sticky flame hits the hill giant.
The hill giant is moderately wounded.
The hill giant is covered in liquid flames!
The hill giant burns!
The hill giant is engulfed in roaring flames.
The hill giant hits you with a giant club!!!
Ouch! That really hurt!
You die... ▓▓▓▓▓▓▓▓▓▓▓▓▓▓▓▓▓▓▓▓▓▓▓▓▓▓▓ +.5H.Z.ooC@.÷†'..[[.)...'__ ▓▓▓▓▓▓▓▓▓▓▓▓▓▓▓▓▓▓▓▓▓▓▓▓▓▓▓

You could see a hill giant (burning), a manticore, a shadow imp, 2 orcs and a bat zombie.

Vanquished Creatures
  A yak (D)
  A killer bee (D)
  A hound (D)
  A bat skeleton (D)
  3 goblins (D)
  A hobgoblin (D)
  2 bats (D)
  A giant gecko (D)
  A giant gecko zombie (D)
  A jackal (D)
  2 kobolds (D)
  A rat (D)
16 creatures vanquished.

Notes
Turn   | Place    | Note
--------------------------------------------------------------
     0 | D        | BluebellGnoll, the Deep Elf Fire Elementalist, began the quest for the Orb.
     0 | D        | Reached XP level 1. HP: 10/10 MP: 5/5
    24 | D        | Reached skill level 4 in Spellcasting
    31 | D        | Reached skill level 5 in Spellcasting
   151 | D        | Noticed a hound
   171 | D        | Reached skill level 6 in Spellcasting
   171 | D        | Reached XP level 2. HP: 15/15 MP: 1/12
   185 | D        | Killed a hound
   185 | D        | Reached skill level 9 in Spellcasting
   185 | D        | Reached XP level 3. HP: 7/19 MP: 3/19
   192 | D        | Found a glowing silver altar of Zin.
   192 | D        | Found a glowing golden altar of the Shining One.
   192 | D        | Found an ancient bone altar of Kikubaaqudgha.
   192 | D        | Found a basalt altar of Yredelemnul.
   192 | D        | Found a shimmering altar of Xom.
   192 | D        | Found a radiant altar of Vehumet.
   192 | D        | Found an iron altar of Okawaru.
   193 | D        | Found a burning altar of Makhleb.
   194 | D        | Found a deep blue altar of Sif Muna.
   195 | D        | Found a bloodstained altar of Trog.
   196 | D        | Found a sparkling altar of Nemelex Xobeh.
   197 | D        | Found a white marble altar of Elyvilon.
   198 | D        | Found a roughly hewn altar of Beogh.
   199 | D        | Found a viscous altar of Jiyva.
   200 | D        | Found a corrupted altar of Lugonu.
   201 | D        | Became a worshipper of Warmaster Okawaru
   202 | D        | Found a blossoming altar of Fedhas.
   203 | D        | Found a snail-covered altar of Cheibriados.
   204 | D        | Found a shadowy altar of Dithmenos.
   205 | D        | Found a stormy altar of Qazlal.
   206 | D        | Found an opulent altar of Gozag.
   207 | D        | Found a sacrificial altar of Ru.
   248 | D        | Learned a level 2 spell: Throw Flame
   252 | D        | Learned a level 3 spell: Conjure Flame
   256 | D        | Learned a level 3 spell: Inner Flame
   404 | D        | Noticed a yak
   404 | D        | Noticed a killer bee
   414 | D        | Killed a killer bee
   414 | D        | Reached skill level 10 in Spellcasting
   414 | D        | Reached XP level 4. HP: 24/24 MP: 9/23
   421 | D        | Learned a level 4 spell: Sticky Flame
   500 | D        | Killed a yak
   500 | D        | Acquired Okawaru's first power
   500 | D        | Reached XP level 5. HP: 28/28 MP: 11/25
   526 | D        | Learned a level 5 spell: Fireball
   570 | D        | Noticed a manticore
   570 | D        | Noticed a hill giant
   575 | D        | Mangled by a hill giant

Action                   |  1- 3 |  4- 6 || total
-------------------------+-------+-------++-------
Melee: Unarmed           |    24 |       ||    24
       Club              |    15 |       ||    15
 Cast: Flame Tongue      |    18 |     8 ||    26
       Conjure Flame     |     1 |     2 ||     3
       Inner Flame       |       |     1 ||     1
       Sticky Flame      |       |     2 ||     2
  Use: Potion            |     2 |       ||     2
